 Dungeon Crawl Stone Soup version 0.31-a0-210-gccc998df9b (webtiles) character file.

Game seed: 9867614375070388414

42 Ofeo the Conjurer (level 3, -3/31 HPs)
             Began as an Armataur Reaver on June 30, 2023.
             Slain by a gnoll
             ... wielding a +0 whip
              (4 damage)
             ... on level 2 of the Dungeon.
             The game lasted 00:02:02 (1250 turns).

Ofeo the Conjurer (Armataur Reaver)                 Turns: 1250, Time: 00:02:02

Health: -3/31      AC:  4    Str: 19    XL:     3   Next: 33%
Magic:  6/6        EV:  9    Int: 13    God:
Gold:   62         SH:  0    Dex:  8    Spells: 5/6 levels left

rFire   + . .        i - +0 flail
rCold   + . .        (no shield)
rNeg    . . .        b - +0 leather armour
rPois   +            (no helmet)
rElec   +            (no cloak)
rCorr   +            (no gloves)
SInv    .            (no barding)
Will    .....        (no amulet)
Stlth   +            (no ring)
HPRegen 0.25/turn    (no ring)
MPRegen 0.10/turn

%: roll
@: resistant
A: large, rugged brown scales 3, deformed body, armoured tail, roll, long
tongue, awkward tongue
a: no special abilities


You were on level 2 of the Dungeon.
You visited 1 branch of the dungeon, and saw 2 of its levels.

You collected 62 gold pieces.

Inventory:

Hand Weapons
 a - a +0 hand axe
 i - a +0 flail (weapon)
Armour
 b - a +0 leather armour (worn)
Scrolls
 f - a scroll of vulnerability {unknown}
 g - a scroll of fear {unknown}


   Skills:
 + Level 2.2 Fighting
 + Level 2.7 Axes
 + Level 1.7 Dodging
 + Level 2.1 Spellcasting
 + Level 3.0 Conjurations


You had 5 spell levels left.
You knew the following spells:

 Your Spells              Type           Power      Damage    Failure   Level
a - Kiss of Death         Conj/Necr      20%        2d7       16%         1

Your spell library contained the following spells:

 Spells                   Type           Power      Damage    Failure   Level
 Momentum Strike          Conj/Tloc      10%        3d8       24%         2
 Sting                    Tmut/Pois      4%         1d3       30%         1
 Poisonous Vapours        Pois/Air       2%         N/A       41%         2
 Dazzling Flash           Conj/Hex       10%        N/A       43%         3
 Hailstorm                Conj/Ice       5%         3d4       43%         3
 Volatile Blastmotes      Fire/Tloc      2%         2d10      65%         3
 Iskenderun's Mystic Bla  Conj/Tloc      5%         2d3       85%         4
 Leda's Liquefaction      Hex/Erth       0%         N/A       96%         4
 Olgreb's Toxic Radiance  Pois           1%         N/A       96%         4
 Lee's Rapid Deconstruct  Erth           0%         3d4*      100%        5
 Leda's Unmaking          Conj/Erth      2%         9d1       100%        6
 Starburst                Conj/Fire      2%         6d3       100%        6
 Statue Form              Tmut/Erth      0%         N/A       100%        6


Dungeon Overview and Level Annotations

Branches:
Dungeon (2/15)

Altars:

Annotations:
D:2 Terence


Innate Abilities, Weirdness & Mutations

You are completely covered in rugged brown scales. (AC +3, +7% HP)
Armour fits poorly on your strangely shaped body.
You have a long armoured tail.
You roll when moving toward enemies. (Rampage)
Your long tongue fully drains potion bottles. (2x potion effects)
Your tongue gives you trouble enunciating. (1.5x scroll delay)


Message History

The goblin shouts!
The gnoll barely misses you. The gnoll attacks as you move away!
The gnoll closely misses you.
You see here a fuming purple potion.
j - a fuming purple potion The gnoll hits you with a +0 whip.
You take 3 damage, and have 28/31 hp.
The gnoll attacks as you move away! The gnoll hits you with a +0 whip.
The gnoll closely misses you.
You take 5 damage, and have 23/31 hp.
The gnoll attacks as you move away! The gnoll closely misses you.
The gnoll attacks as you move away! The gnoll hits you with a +0 flail!
You take 7 damage, and have 18/31 hp.
MASSIVE DAMAGE!!
The gnoll attacks as you move away! The gnoll hits you but does no damage.
The gnoll attacks as you move away! The gnoll completely misses you.
It was a potion of magic.
Magic courses through your body.
You slurp down every last drop of the potion of magic!
The gnoll hits you with a +0 flail.
It was a potion of resistance.
You feel protected.
You slurp down every last drop of the potion of resistance!
The gnoll hits you with a +0 flail!
You take 8 damage, and have 10/31 hp.
MASSIVE DAMAGE!!
As you slowly read the scroll labelled FINEOZONOQ, it crumbles to dust.
It is a scroll of amnesia.
Really abort (and waste the scroll)?
Okay, then.
The gnoll hits you with a +0 flail.
* * * LOW HITPOINT WARNING * * *
You take 6 damage, and have 4/31 hp.
Okay, then.
As you slowly read the scroll labelled ZOANGO GIU, it crumbles to dust.
The creatures around you are filled with an inner flame!
It was a scroll of immolation.
The gnoll hits you with a +0 flail.
* * * LOW HITPOINT WARNING * * *
You take 3 damage, and have 1/31 hp.
The air fills with toxic fumes!
As you slowly read the scroll labelled YTUROT HUTEFEAN, it crumbles to dust.
It was a scroll of poison.
The gnoll hits you with a +0 whip.
You die...

....#
#.....g.###
..####
#...#....§#
.....#
#...###..g##
.....# #...
###g.#
.....#
#...####lg##
######
###....gg##
######g# #g#
#@#
#§§§§§§§#
#########


You could see 6 gnolls, a goblin (inner flame) and a frilled lizard (inner
flame).

Vanquished Creatures
  A dart slug (D:1)
  4 bats (D:1)
  6 endoplasms
  2 giant cockroaches
  4 goblins (D:1)
  4 hobgoblins
  A quokka (D:2)
  3 ball pythons (D:1)
  A frilled lizard (D:1)
  6 kobolds (D:1)
32 creatures vanquished.

Notes
Turn   | Place    | Note
-------+----------+-------------------------------------------
     0 | D:1      | Ofeo the Armataur Reaver began the quest for the Orb.
     0 | D:1      | Reached XP level 1. HP: 18/18 MP: 3/3
   210 | D:1      | Reached XP level 2. HP: 19/25 MP: 4/4
   888 | D:1      | Reached XP level 3. HP: 31/31 MP: 6/6
   938 | D:1      | Reached skill level 3 in Conjurations
  1060 | D:2      | Noticed Terence
  1249 | D:2      | HP: 1/31 [gnoll/+0 flail (4)]
  1250 | D:2      | Slain by a gnoll

Illustrated notes

Levels and vault maps discovered:
D:1:      dpeg_arrival_orchard, layout_loops_corners, chequers_garden
D:2:      layout_rooms, chequers_serial_rivers_room_b,
          amcnicky_mini_corridor_feature, minmay_misc_feat_room,
          minmay_statues_item, uniq_terence

Skill      XL: |  1  2  3 |
---------------+----------+-----
Fighting       | 2 |  2.2
Spellcasting   | 2 |  2.1
Conjurations   | 3 |  3.0
Axes           | |  2.7
Dodging        | |  1.7

Action                     || total
---------------------------++-------
  Melee: Hand axe          ||    94
         Tailslap          ||    11
    Use: Scroll            ||     4
         Potion            ||     2
 Armour: Leather armour    ||    48
  Dodge: Dodged            ||    71

Table legend: (Time is in decaauts)
 A = Elapsed time spent in this place.
 B = Non-inter-level travel time spent in this place.
 C = Inter-level travel time spent in this place.
 D = Time resting spent in this place.
 E = Time spent auto-exploring this place.
 F = Levels seen in this place.
 G = Mean time per level.
                   A        B        C        D        E       F      G
               +--------+--------+--------+--------+--------+-----+--------+
         Total |   1267 |   1196 |     71 |     95 |    804 |   2 |  633.5 |
       Dungeon |   1267 |   1196 |     71 |     95 |    804 |   2 |  633.5 |
               +--------+--------+--------+--------+--------+-----+--------+

Top non-repeatable levels by time:
     D:1: 1059 daAuts
     D:2: 207 daAuts
